 Dungeon Sprint DCSS version 0.20.1-1-g8b1a95d (webtiles) character file.

968 potatolord6000 the Cleaver (level 7, -7/77 HPs)
             Began as a Minotaur Gladiator on Sept 11, 2017.
             Was a Priest of Ru.
             Killed from afar by a lindwurm (27 damage)
             ... with a blast of flame
             ... in the Dungeon (Sprint VII: "The Pits").
             The game lasted 00:06:04 (865 turns).

potatolord6000 the Cleaver (Minotaur Gladiator)      Turns: 865, Time: 00:06:05

Health: -7/77      AC: 15    Str: 20    XL:     7   Next: 93%
Magic:  6/6        EV:  4    Int:  5    God:    Ru [***...]
Gold:   0          SH:  0    Dex: 12    Spells: 6/6 levels left

rFire    . . .     SeeInvis .   a - +0 war axe
rCold    . . .     Gourm    .   (no shield)
rNeg     . . .     Faith    .   q - +3 chain mail
rPois    .         Spirit   .   c - +0 hat
rElec    .         Reflect  .   (no cloak)
rCorr    .         Harm     .   (no gloves)
MR       .....     NoTele   +   (no boots)
Stlth    ..........             (no amulet)
Regen    0.3/turn               (no ring)
MPRegen  0.1/turn               (no ring)

@: exhausted, very slightly contaminated, drained, invisible
A: retaliatory headbutt, horns 2, inability to use devices, reduced EV 1
a: Draw Out Power, Renounce Religion


You were in the Dungeon.
You worshipped Ru.
Ru was most pleased with you.
You were completely stuffed.

You visited 1 branch

Inventory:

Hand Weapons
 a - a +0 war axe (weapon)
Armour
 c - a +0 hat (worn)
 q - a +3 chain mail (worn)
Scrolls
 k - a scroll of blinking
 l - 3 scrolls of remove curse
 m - 5 scrolls of amnesia
 n - a scroll of summoning
Potions
 d - a potion of invisibility
 e - 6 potions of curing
 i - 4 potions of magic
 j - 3 potions of berserk rage
Comestibles
 f - 8 bread rations
 o - 40 fruits
 p - 5 meat rations


   Skills:
 + Level 12.0(11.5) Fighting
 + Level 12.2(11.8) Axes
 - Level 2.0(1.6) Throwing
 + Level 11.7(11.3) Armour
 - Level 3.2(2.9) Dodging


You had 6 spell levels left.
You didn't know any spells.

Dungeon Overview and Level Annotations

Branches:
Dungeon (1/1)

Altars:
Ashenzari
Cheibriados
Dithmenos
Elyvilon
Fedhas
Gozag
Hepliaklqana
Kikubaaqudgha
Makhleb
Nemelex Xobeh
Okawaru
Qazlal
Ru
Sif Muna
Trog
Uskayaw
Vehumet
Xom
Yredelemnul
Zin
The Shining One
Beogh
Jiyva
Lugonu


Innate Abilities, Weirdness & Mutations

You reflexively headbutt those who attack you in melee.
You have a pair of horns on your head.
You cannot study or use magical devices.
You have somewhat slow reflexes. (EV -5)


Message History

The lindwurm bites you.
The lindwurm claws you but does no damage.
The lindwurm barely misses you.
Unknown command.
Unknown command.
You feel much better.
The black mamba bites you but does no damage. x2
The lindwurm bites you!
The lindwurm claws you but does no damage. x2
Unknown command.
Unknown command.
Unknown command.
You miss the black mamba.
The black mamba is moderately wounded.
You hit the lindwurm but do no damage. The black mamba bites you.
The black mamba bites you!
* * * LOW HITPOINT WARNING * * *
The lindwurm breathes flames at you. The blast of flame hits you!
You die...

#.#.†)..#[[##.......#
#.#.....#'###...<...#
#.#........##.......#
#.#........##.......#
#'###########.......#
#..)))..#..##########
#.###)..#.# ###
#.#.....#)# 5..#
#.#...#.#@#....#
#.....#.#Sk....+
#...###.#5#....#
#.......).#....#
########### ####


You could see a lindwurm, a black mamba (blind) and a crimson imp.

Vanquished Creatures
  A hungry ghost (D)
  Edmund (D)
  A warg (D)
  An ice beast (D)
  2 necrophages (D)
  A gnoll sergeant (D)
  Terence (D)
  An iguana (D)
  6 gnolls (D)
  3 leopard geckos (D)
  An orc (D)
  A ball python (D)
  A bat (D)
  A hobgoblin (D)
  2 rats (D)
24 creatures vanquished.

Vanquished Creatures (others)
  A redback (D)
1 creature vanquished.

Grand Total: 25 creatures vanquished

Notes
Turn   | Place    | Note
-------+----------+-------------------------------------------
     0 | D        | potatolord6000 the Minotaur Gladiator began the quest for the Orb.
     0 | D        | Reached XP level 1. HP: 18/18 MP: 0/0
    17 | D        | Reached skill level 1 in Armour
    22 | D        | Found a bloodstained altar of Trog.
    22 | D        | Found a deep blue altar of Sif Muna.
    22 | D        | Found a viscous altar of Jiyva.
    22 | D        | Found a hazy altar of Hepliaklqana.
    22 | D        | Found an opulent altar of Gozag.
    23 | D        | Found a glowing golden altar of the Shining One.
    23 | D        | Found a glowing silver altar of Zin.
    23 | D        | Found a basalt altar of Yredelemnul.
    23 | D        | Found a shimmering altar of Xom.
    23 | D        | Found a sacrificial altar of Ru.
    23 | D        | Found a stormy altar of Qazlal.
    23 | D        | Found an iron altar of Okawaru.
    23 | D        | Found a sparkling altar of Nemelex Xobeh.
    23 | D        | Found a burning altar of Makhleb.
    23 | D        | Found a blossoming altar of Fedhas.
    23 | D        | Found a white marble altar of Elyvilon.
    23 | D        | Found a shadowy altar of Dithmenos.
    23 | D        | Found a snail-covered altar of Cheibriados.
    25 | D        | Found a radiant altar of Vehumet.
    25 | D        | Found a corrupted altar of Lugonu.
    25 | D        | Found a roughly hewn altar of Beogh.
    27 | D        | Found an ancient bone altar of Kikubaaqudgha.
    27 | D        | Found a hide-covered altar of Uskayaw.
    27 | D        | Found a shattered altar of Ashenzari.
    29 | D        | Became a worshipper of Ru the Awakened
   111 | D        | Reached XP level 2. HP: 12/27 MP: 1/1
   274 | D        | Noticed Terence
   281 | D        | Killed Terence
   281 | D        | Reached skill level 5 in Fighting
   281 | D        | Reached skill level 5 in Axes
   281 | D        | Reached XP level 3. HP: 30/36 MP: 2/2
   283 | D        | Gained mutation: You have somewhat slow reflexes. (EV -5) [Ru sacrifice]
   283 | D        | Reached * piety under Ru
   357 | D        | Noticed an ice beast
   357 | D        | Noticed a necrophage
   360 | D        | Noticed a gnoll sergeant
   363 | D        | Noticed a warg
   364 | D        | Reached skill level 5 in Armour
   367 | D        | Killed an ice beast
   367 | D        | Reached XP level 4. HP: 19/47 MP: 3/3
   367 | D        | Reached XP level 5. HP: 21/52 MP: 4/4
   380 | D        | Killed a warg
   380 | D        | Reached XP level 6. HP: 29/63 MP: 5/5
   392 | D        | Reached skill level 10 in Axes
   401 | D        | Reached skill level 10 in Fighting
   401 | D        | Reached skill level 10 in Armour
   412 | D        | Gained mutation: You cannot study or use magical devices. [Ru sacrifice]
   412 | D        | Reached ** piety under Ru
   412 | D        | Reached *** piety under Ru
   736 | D        | Noticed a redback
   738 | D        | Killed a redback
   738 | D        | Reached XP level 7. HP: 67/73 MP: 6/6
   741 | D        | Noticed a hungry ghost
   741 | D        | Noticed Edmund
   763 | D        | Killed Edmund
   766 | D        | Killed a hungry ghost
   853 | D        | Noticed a black mamba
   853 | D        | Noticed a lindwurm
   865 | D        | Killed from afar by a lindwurm

Skill      XL: |  1  2  3  4  5  6  7 |
---------------+----------------------+-----
Axes           | 4 5 8 9 11 12 | 12.2
Armour         | 2 4 7 8 10 11 | 11.7
Fighting       | 3 5 7 9 10 12 | 12.0
Throwing       | |  2.0
Dodging        | |  3.2

Action                   |  1- 3 |  4- 6 |  7- 9 || total
-------------------------+-------+-------+-------++-------
Melee: War axe           |    21 |    26 |    31 ||    78
       Headbutt          |     6 |     6 |     7 ||    19
Invok: Sacrifice Health  |     1 |       |       ||     1
       Draw Out Power    |       |     1 |     1 ||     2
       Sacrifice Artific |       |     1 |       ||     1
  Use: Potion            |     1 |     5 |     2 ||     8
 Stab: Invisible         |       |       |     1 ||     1
  Eat: Meat ration       |       |       |     2 ||     2
Armor: Leather armour    |     6 |       |       ||     6
       Chain mail        |     8 |    16 |    23 ||    47
Dodge: Dodged            |    10 |     9 |    12 ||    31
